 Dungeon Crawl Stone Soup version 0.18.1-48-g4cf74bf (webtiles) character file.

25 juanjsm the Sneak (level 2, -1/14 HPs)
             Began as a Spriggan Enchanter on Aug 2, 2016.
             Hit by a stone thrown by a gnoll (8 damage)
             ... on level 2 of the Dungeon.
             The game lasted 00:04:52 (848 turns).

juanjsm the Sneak (Spriggan Enchanter)               Turns: 848, Time: 00:04:53

Health: -1/14      AC:  4    Str:  4    XL:     2   Next: 86%
Magic:  2/7        EV: 18    Int: 16    God:
Gold:   98         SH:  0    Dex: 16    Spells: 2 memorised, 4 levels left

rFire  . . .     SeeInvis +     a - +1 dagger
rCold  . . .     Gourm    .     l - +2 robe {MR+}
rNeg   . . .     Faith    .     (shield restricted)
rPois  .         Spirit   .     (helmet restricted)
rElec  .         Dismiss  .     (no cloak)
rCorr  .         Reflect  .     (gloves unavailable)
SustAt .         Harm     .     (boots unavailable)
MR     +....                    (no amulet)
Stlth  ++........               (no ring)
                                k - ring of loudness (curse)

@: very slightly contaminated, very quick, somewhat resistant to hostile
enchantments, unstealthy
A: unfitting armour, see invisible, herbivore 3, speed 3, slow metabolism 2
a: no special abilities


You were on level 2 of the Dungeon.
You were not hungry.

You visited 1 branch of the dungeon, and saw 2 of its levels.

You collected 98 gold pieces.

Inventory:

Hand Weapons
 a - a +1 dagger (weapon)
Armour
 b - a +1 robe
 l - a +2 robe of magic resistance (worn)
Jewellery
 k - a cursed ring of loudness (left hand)
Scrolls
 e - a scroll of fog {unknown}
 g - a scroll of identify {unknown}
 i - a scroll of immolation {unknown}
 m - a scroll of random uselessness {unknown}
 n - a scroll of teleportation {unknown}
 o - a scroll of enchant armour {unknown}
Potions
 f - a potion of berserk rage {unknown}
 h - 2 potions of might {unknown}
 j - a potion of cancellation {unknown}
 p - a potion of lignification {unknown}
 q - a potion of flight {unknown}
Books
 c - a book of Maledictions

   Spells                             Type                      Level
   a - Corona                         Hexes                        1
   b - Ensorcelled Hibernation        Hexes/Ice                    2
   c - Confuse                        Hexes                        3
   d - Tukima's Dance                 Hexes                        3
   e - Dazzling Spray                 Conjuration/Hexes            3
Comestibles
 d - a bread ration


   Skills:
 + Level 0.4 Fighting
 + Level 1.4 Short Blades
 + Level 3.4 Dodging
 + Level 4.7 Stealth
 * Level 3.2 Spellcasting
 + Level 3.8 Hexes


You had 4 spell levels left.
You knew the following spells:

 Your Spells              Type           Power        Failure   Level  Hunger
a - Corona                Hex            ##.....      4%          1    None
b - Ensorcelled Hibernat  Hex/Ice        #.....       14%         2    ##.....


Dungeon Overview and Level Annotations

Branches:
Dungeon (2/15)

Altars:


Innate Abilities, Weirdness & Mutations

You are tiny and cannot use many weapons and most armour.
You have supernaturally acute eyesight.
You are a herbivore.
You cover ground extremely quickly.
You need consume almost no food.


Message History

Aiming: Ensorcelled Hibernation
Press: ? - help, Shift-Dir - straight line, f - goblin
Aim: a goblin (chance to defeat MR: 78%)
The goblin looks drowsy...
The helpless goblin fails to defend itself.
You impale the goblin!!
You kill the goblin!
The gnoll throws a stone.
The stone closely misses you.
The orc throws a stone.
The stone barely misses you.
The gnoll throws a stone.
The stone completely misses you.
The orc throws a stone.
The stone misses you.
The goblin throws a stone.
The stone closely misses you.
The gnoll throws a stone.
The stone barely misses you.
The orc throws a stone.
The stone barely misses you.
You hit the goblin.
You kill the goblin!
The gnoll throws a stone.
The stone hits you.
The orc throws a stone.
The stone closely misses you.
The gnoll throws a stone.
The stone hits you!
Ouch! That really hurt!
You die...

######
###....#
#...#
#≈.≈.#....#
#####
.≈.≈##....#
##≈.≈.###..#
.≈.≈## ##.##
#≈o≈. #..#


gog #..# #(# #..## #@######...# #((......#.## ########.#..# ####.## #..# ##.#
#.# #.# #.# You could see 2 gnolls and 2 orcs.

Vanquished Creatures
  4 bats
  5 goblins
  4 hobgoblins
  2 jackals (D:1)
  3 kobolds
  A giant newt (D:1)
  7 rats
26 creatures vanquished.

Notes
Turn   | Place    | Note
--------------------------------------------------------------
     0 | D:1      | juanjsm the Spriggan Enchanter began the quest for the Orb.
     0 | D:1      | Reached XP level 1. HP: 9/9 MP: 5/5
   148 | D:1      | Reached XP level 2. HP: 11/13 MP: 4/7
   152 | D:1      | Learned a level 2 spell: Ensorcelled Hibernation
   848 | D:2      | Hit by a stone thrown by a gnoll

Skill      XL: |  1 |
---------------+----+-----
Spellcasting   | 3 |  3.2
Fighting       | |  0.4
Short Blades   | |  1.4
Dodging        | |  3.4
Stealth        | |  4.7
Hexes          | |  3.8

Action                   || total
-------------------------++-------
Melee: Dagger            ||    77
 Cast: Corona            ||     8
       Ensorcelled Hiber ||     9
 Stab: Sleeping          ||    13
Armor: Robe              ||     8
Dodge: Dodged            ||    91
